 Dungeon Crawl Stone Soup version 0.28.0-43-g3370ac3207 (webtiles) character file.

Game seed: 5839870664055402096

359 tizbic2 the Skirmisher (level 6, -3/62 HPs)
             Began as an Ogre Gladiator on Mar 10, 2022.
             Succumbed to an orc wizard's poison
             ... on level 4 of the Dungeon.
             The game lasted 00:13:22 (4102 turns).

tizbic2 the Skirmisher (Ogre Gladiator)             Turns: 4102, Time: 00:13:22

Health: -3/62      AC:  5    Str: 19    XL:     6   Next: 65%
Magic:  9/9        EV: 10    Int:  9    God:
Gold:   111        SH:  0    Dex: 10    Spells: 6/9 levels left

rFire   . . .      SeeInvis .   m - +3 quarterstaff (chaos)
rCold   . . .      Faith    .   (shield currently unavailable)
rNeg    . . .      Spirit   .   b - +0 robe
rPois   .          Reflect  .   c - +1 hat
rElec   .          Harm     .   j - +0 cloak
rCorr   .          Rampage  .   (gloves unavailable)
Will    .....                   (boots unavailable)
Stlth   +.........              (no amulet)
HPRegen 0.20/turn               (no ring)
MPRegen 0.11/turn               (no ring)

@: lethally poisoned (-3 -> -40)
A: large, unfitting armour, tough skin 1, hooves 1, weak 1
a: no special abilities


You were on level 4 of the Dungeon.
You visited 1 branch of the dungeon, and saw 4 of its levels.

You collected 111 gold pieces.

Inventory:

Hand Weapons
 a - a +0 flail
 l - a +0 dagger of protection
 m - a +3 quarterstaff of chaos (weapon)
Missiles
 d - 3 throwing nets
 e - 3 boomerangs
 f - 91 stones (quivered)
Armour
 b - a +0 robe (worn)
 c - a +1 hat (worn)
 i - a scarf of repulsion
 j - a +0 cloak (worn)
Potions
 g - a potion of curing
 k - a potion of brilliance


   Skills:
 + Level 4.3 Fighting
 * Level 4.2 Maces & Flails
 - Level 2.3 Throwing
 + Level 3.5 Dodging
 + Level 2.0 Spellcasting
 * Level 2.5 Summonings


You had 6 spell levels left.
You knew the following spells:

 Your Spells              Type           Power      Damage    Failure   Level
a - Call Canine Familiar  Summ           5%         N/A       34%         3

Your spell library contained the following spells:

 Spells                   Type           Power      Damage    Failure   Level
 Summon Small Mammal      Summ           20%        N/A       12%         1
 Sandblast                Erth           0%         2d4       32%         1
 Passwall                 Tmut/Erth      0%         N/A       45%         2
 Summon Guardian Golem    Hex/Summ       3%         N/A       52%         3
 Portal Projectile        Hex/Tloc       0%         N/A       69%         3
 Stone Arrow              Conj/Erth      0%         3d7       69%         3
 Leda's Liquefaction      Hex/Erth       0%         N/A       97%         4


Dungeon Overview and Level Annotations

Branches:
Dungeon (4/15)
 Temple: D:4-7

Altars:
Nemelex Xobeh
Wu Jian


Innate Abilities, Weirdness & Mutations

You are too large for most types of armour.
You have tough skin. (AC +1)
You have large cloven feet.
You are weak. (Str -2)


Message History

You feel very sick.
You hear some strange, mumbled words.
You are confused.
You're too confused to move!
You feel sick. Something hits you but does no damage.
You are more poisoned.
You barely miss something.
You feel very sick. Something hits you.
You are more poisoned.
You bump into the rock wall.
You feel very sick. Something hits you but does no damage.
You bump into the rock wall.
You feel very sick.
You hear some strange, mumbled words.
A puff of flame appears from out of thin air!
The puff of flame hits you!
You miss something. Your kick misses something.
You feel less confused.
You feel very sick. Something hits you.
* * * LOW HITPOINT WARNING * * *
You are more poisoned.
You miss something. Your kick misses something.
* * * LOW HITPOINT WARNING * * *
You feel very sick. Something hits you.
* * * LOW HITPOINT WARNING * * *
You are more poisoned.
You closely miss something. You kick something.
* * * LOW HITPOINT WARNING * * *
You feel very sick. Something hits you but does no damage.
You are more poisoned.
Something hits you.
* * * LOW HITPOINT WARNING * * *
You are more poisoned.
You hit something. You kick something.
You die...

g. .. #.##..#####
gg##.# #......<...
#.#.o# ####...>†..
#g#..# #######.#####
#.#.o# .............
#.#..# #######.#####
#.#..# #########.#
#.)..#######.........#
###..ooo{@)..#########
############


You could see 3 orcs.

Vanquished Creatures
  A wyvern zombie (D:4)
  2 scorpions
  Crazy Yiuf (D:3)
  Ijyb (D:3)
  Robin (D:4)
  4 adders
  6 orcs
  4 endoplasms (D:1)
  3 giant cockroaches
  8 goblins
  10 hobgoblins
  4 jackals (D:2)
  2 quokkas
  10 ball pythons
  3 bats
  3 frilled lizards
  4 kobolds
  5 rats
72 creatures vanquished.

Vanquished Creatures (collateral kills)
  2 orcs (D:3)
  A goblin (D:3)
3 creatures vanquished.

Vanquished Creatures (others)
  A fungus (D:3)
1 creature vanquished.

Grand Total: 76 creatures vanquished

Notes
Turn   | Place    | Note
-------+----------+-------------------------------------------
     0 | D:1      | tizbic2 the Ogre Gladiator began the quest for the Orb.
     0 | D:1      | Reached XP level 1. HP: 22/22 MP: 1/1
   229 | D:1      | Reached XP level 2. HP: 26/29 MP: 2/2
   423 | D:1      | Found a faded altar of an unknown god.
   653 | D:1      | Reached XP level 3. HP: 37/37 MP: 3/3
  1319 | D:2      | HP: 1/37 [adder (4)]
  1659 | D:2      | Gained mutation: You have large cloven feet. [potion of
                  | mutation]
  1659 | D:2      | Gained mutation: You are weak. (Str -2) [potion of
                  | mutation]
  1824 | D:2      | Reached XP level 4. HP: 35/45 MP: 4/4
  2083 | D:2      | Learned a level 3 spell: Call Canine Familiar
  2133 | D:3      | Reached skill level 1 in Summonings
  2389 | D:3      | Noticed a scorpion
  2414 | D:3      | Killed a scorpion
  2415 | D:3      | Reached skill level 1 in Spellcasting
  2415 | D:3      | Reached XP level 5. HP: 10/54 MP: 6/6
  2690 | D:3      | Noticed Ijyb
  2693 | D:3      | Paralysed by Ijyb for 2 turns
  2706 | D:3      | Paralysed by something for 5 turns
  2760 | D:3      | Killed Ijyb
  2988 | D:3      | Found a sparkling altar of Nemelex Xobeh.
  3291 | D:3      | Found an ornate altar of the Wu Jian Council.
  3576 | D:3      | Found a runed translucent door.
  3577 | D:3      | Noticed Crazy Yiuf
  3689 | D:3      | Killed Crazy Yiuf
  3951 | D:4      | Reached XP level 6. HP: 49/62 MP: 8/8
  4055 | D:4      | Noticed Robin
  4079 | D:4      | Killed Robin
  4102 | D:4      | Succumbed to an orc wizard's poison

Illustrated notes

Levels and vault maps discovered:
D:1:      lightli_arrival_chessboard, layout_basic,
          hellmonk_ecumenical_altar_slurped_away
D:2:      layout_loops_ring, st_stairs_13, hangedman_decor_push
D:3:      layout_loops_corners, nzn_wu_jian_council_hall,
          nemelex_xobeh_ov_fountains_minmay, grunt_ministairs_3,
          grunt_decor_junction, supply_closet_lemuel, uniq_ijyb,
          uniq_crazy_yiuf_cottage
D:4:      layout_loops_ring, trog_ov_bears_minmay, uniq_edmund, uniq_menkaure,
          uniq_blork_the_orc, uniq_robin

Skill      XL: |  1  2  3  4  5  6 |
---------------+-------------------+-----
Maces & Flails | 3 4 |  4.2
Fighting       | 3 4 |  4.3
Dodging        | 3 |  3.5
Summonings     | 1 2 |  2.5
Spellcasting   | 1 2 |  2.0
Throwing       | |  2.3

Action                   |  1- 3 |  4- 6 || total
-------------------------+-------+-------++-------
Melee: Flail             |    92 |    24 ||   116
       Dagger            |       |   128 ||   128
       Kick              |       |    46 ||    46
       Punch             |       |     2 ||     2
       Quarterstaff      |       |    46 ||    46
Throw: Stone             |    31 |       ||    31
       Boomerang         |    15 |     9 ||    24
       Throwing net      |     2 |       ||     2
 Cast: Call Canine Famil |       |     2 ||     2
  Use: Potion            |     3 |     2 ||     5
       Scroll            |     2 |     3 ||     5
 Stab: Sleeping          |     1 |       ||     1
       Distracted        |       |     1 ||     1
       Invisible         |       |     1 ||     1
Armor: Robe              |    25 |    81 ||   106
Dodge: Dodged            |    68 |    69 ||   137
